 Dungeon Crawl Stone Soup version 0.18.1-50-g88ac8fd (console) character file.

376884 Kloppie the Slayer (level 22, -4/161 HPs)
             Began as a Gargoyle Berserker on Sept 24, 2016.
             Was the Champion of Trog.
             Slain by a cyclops (18 damage)
             ... on level 2 of the Depths.
             The game lasted 01:24:54 (37852 turns).

Kloppie the Slayer (Gargoyle Berserker)            Turns: 37852, Time: 01:24:55

Health: -4/161     AC: 42    Str: 28    XL:     22   Next: 79%
Magic:  4/4        EV: 14    Int: 10    God:    Trog [******]
Gold:   3309       SH:  4    Dex: 12    Spells: 0 memorised, 21 levels left

rFire  + + .     SeeInvis .     b - +9 great mace (antimagic)
rCold  + + +     Gourm    .     O - +1 plate armour {rC+}
rNeg   + + .     Faith    .     (shield currently unavailable)
rPois  ∞         Spirit   .     x - -2 hat of the Alchemist {rElec rPois rF+ rC+ rN+ MR+ rMut rCorr}
rElec  +         Dismiss  .     W - +0 cloak
rCorr  +         Reflect  +     k - +2 pair of gloves
rMut   +         Harm     .     F - +0 pair of boots "Feriaquph" {rC+ Regen+ MP-9 Str+2}
SustAt .                        M - +4 amulet of reflection
MR     +++++                    i - ring of protection from fire
Stlth  ..........               n - ring of protection from magic

@: regenerating, almost entirely resistant to hostile enchantments, extremely
unstealthy
A: big wings, negative energy resistance 1, electricity resistance, unbreathing,
petrification resistance, rot immunity, AC +16
a: Fly, Berserk, Trog's Hand, Brothers in Arms, Burn Spellbooks, Renounce
Religion
}: 2/15 runes: decaying, serpentine


You were on level 2 of the Depths.
You worshipped Trog.
Trog was exalted by your worship.
You were not hungry.

You visited 7 branches of the dungeon, and saw 40 of its levels.
You visited the Abyss 1 time.
You also visited: Volcano.

You collected 4160 gold pieces.
You spent 851 gold pieces at shops.

Inventory:

Hand Weapons
 a - the +9 great mace "Gyaceocie" {freeze, Str+3}
   (You found it on level 4 of the Swamp)

   It has been specially enchanted to freeze those struck by it, causing extra
   injury to most foes and up to half again as much damage against particularly
   susceptible opponents.
   It can also slow down cold-blooded creatures.
   It affects your strength (+3).
 b - a +9 antimagic great mace (weapon)
Armour
 k - a +2 pair of gloves (worn)
 x - the -2 hat of the Alchemist (worn) {rElec rPois rF+ rC+ rN+ MR+ rMut rCorr}
   (You found it on level 1 of the Depths)

   It protects you from fire.
   It protects you from cold.
   It insulates you from electricity.
   It protects you from poison.
   It protects you from negative energy.
   It affects your resistance to hostile enchantments.
   It protects you from acid and corrosion.
   It protects you from mutation.
 F - the +0 pair of boots "Feriaquph" (worn) {rC+ Regen+ MP-9 Str+2}
   (You found it on level 7 of the Dungeon)

   It affects your strength (+2).
   It protects you from cold.
   It affects your magic capacity (-9).
   It increases your rate of regeneration.
 O - a +1 plate armour of cold resistance (worn)
 W - a +0 cloak (worn)
Jewellery
 i - a ring of protection from fire (right hand)
 j - an uncursed ring of resist corrosion
 n - a ring of protection from magic (left hand)
 u - an uncursed ring of positive energy
 C - an uncursed ring of see invisible
 M - a +4 amulet of reflection (around neck)
 R - a +4 ring of evasion
 U - an uncursed ring of protection from cold
Wands
 r - a wand of digging (22/24)
 K - a wand of teleportation (5/9)
 L - a wand of slowing (31/48)
Scrolls
 d - 7 scrolls of identify
 h - 6 scrolls of blinking
 p - 8 scrolls of fog
 q - 5 scrolls of teleportation
 t - 18 scrolls of remove curse
 w - 4 scrolls of enchant armour
 y - 4 scrolls of magic mapping
 z - 3 scrolls of fear
 D - 7 scrolls of recharging
 G - a scroll of brand weapon
 H - 3 scrolls of enchant weapon
 J - a scroll of silence
 Q - a scroll of summoning
Potions
 e - 4 potions of resistance
 g - 10 potions of curing
 m - 5 potions of haste
 o - 3 potions of cure mutation
 s - 5 potions of agility
 A - a potion of invisibility
 I - a potion of ambrosia
 X - 5 potions of cancellation
 Y - 3 potions of might
Books
 v - a book of Clouds

   Spells                             Type                      Level
   a - Mephitic Cloud                 Conjuration/Poison/Air       3
   b - Conjure Flame                  Conjuration/Fire             3
   c - Poisonous Cloud                Conjuration/Poison/Air       6
   d - Freezing Cloud                 Conjuration/Ice/Air          6
   e - Ring of Flames                 Charms/Fire                  7
   Trog disapproves of the use of such an item.
 T - Baizaell's Guide on Arcane Weapons and Snow
   (You found it on level 4 of the Vaults)

   Spells                             Type                      Level
   a - Force Lance                    Conjuration/Translocation    4
   b - Summon Ice Beast               Ice/Summoning                4
   c - Irradiate                      Conjuration/Transmutation    5
   d - Spellforged Servitor           Conjuration/Summoning        7
   Trog disapproves of the use of such an item.
Comestibles
 c - 25 bread rations
 f - 13 meat rations
 l - 6 slices of pizza
 B - 10 chunks of flesh
 E - 13 beef jerkies
 N - 8 royal jellies
 P - 7 fruits


   Skills:
 + Level 23.9 Fighting
 - Level 20.8 Maces & Flails
 - Level 19.3 Armour
 - Level 13.2 Dodging


You had 21 spell levels left.
You didn't know any spells.

Dungeon Overview and Level Annotations

Branches:
Dungeon (15/15)            Temple (0/1) D:4            Lair (8/8) D:11
  Swamp (4/4) Lair:6        Snake (4/4) Lair:4        Slime (0/6) Lair:6
    Orc (2/2) D:10            Elf (0/3) Orc:2        Vaults (4/5) D:13
  Crypt (0/3) Vaults:3     Depths (3/5) D:15

Altars:
Ashenzari
Cheibriados
Dithmenos
Fedhas
Gozag
Makhleb
Pakellas
Qazlal
Ru
Sif Muna
Vehumet
Xom
Yredelemnul
Zin
The Shining One
Beogh

Shops:
D:4 :   D:9 }   D:14 (   Orc:2 [*(   Snake:1 !   Vaults:2 !   Vaults:3 %

Portals:
Hell: Lair:8 Depths:1 Depths:2 Depths:3
Abyss: Depths:1
Pandemonium: Depths:2
Ziggurat: Depths:2


Innate Abilities, Weirdness & Mutations

You are resistant to torment.
Your stone body is resilient (AC +16).
You are immune to poison.
Your large and strong wings let you fly indefinitely.
You resist negative energy.
You are resistant to electric shocks.
You can survive without breathing.
You are immune to petrification.
You are immune to rotting.


Message History

The deep troll claws you but does no damage.
The deep troll misses you. The ogre mage barely misses you.
You hit the deep troll.
The deep troll is lightly wounded.
The titan hits you!!
* * * LOW HITPOINT WARNING * * *
The deep troll barely misses you. x2; The deep troll claws you!
* * * LOW HITPOINT WARNING * * *
The cyclops misses you.
Your skin crawls.
You feel resistant to hostile enchantments.
You feel slightly more hungry.
The ogre mage hits you but does no damage.
The titan misses you.
The deep troll bites you but does no damage.
The deep troll claws you but does no damage.
You block the deep troll's attack.
Eat one of 11 chunks of flesh? (ye/n/q/i?) This raw flesh tastes terrible.
The cyclops hits you!!
You die...

#...#..##....C..[)DC.##...##.
#..##..#....#######...##...#.
##..#..##..###?....###..##..##
#...#..#..####'###...##..##..#
#...#..#.##......##...#...#..#
#..##.[#.#......).##..##..#...
#
#..#...#)#........##...#..##..
#
#..##..#.[...CT...###..#...#..
#
#...#..###...@>...'.#..##..#..
#
##..#...##..C.O..(#(#..(#..#..
#
#.[##..##........#(#..##..#..
##
#..u#...##..).(.##.#..#...#..
.#
##..##...###'####..#..#...#..
.##
##..###...[.###..##..#).##..
..#
##...#######....#§.##..#...
..## ##..Q.[.u.....## #...#..#
#..## ###...O....### ##..##..#


You could see a titan, an ogre mage, a deep troll and a cyclops.

Vanquished Creatures
  Mara (Depths:2)
  A golden dragon (Depths:2)
  Rupert (Lair:3)
  3 tentacled monstrosities
  A lich (Vaults:3)
  A sphinx (Depths:2)
  A shadow dragon (Vaults:4)
  Kirke (D:14)
  2 tengu reavers
  6 greater nagas (Snake:4)
  Donald (Swamp:2)
  Maud (Lair:5)
  9 vault wardens
  2 frost giants
  A deep elf sorcerer (Vaults:2)
  8 fire giants
  Aizul (Snake:1)
  A war gargoyle (Vaults:2)
  8 ironheart preservers
  14 very ugly things
  16 stone giants
  A spriggan defender (Depths:3)
  3 vampire knights
  A deep elf demonologist (Vaults:3)
  3 spark wasps (Depths:2)
  A deep elf annihilator (Vaults:2)
  7 ettins
  2 deep elf death magi
  A crystal guardian (Vaults:3)
  2 green deaths (Swamp:4)
  Snorg (Lair:3)
  4 vault guards (Vaults:1)
  4 fire dragons
  8 great orbs of eyes
  Fannar (D:10)
  2 entropy weavers
  11 yaktaur captains
  A rakshasa (Vaults:2)
  Harold (Lair:2)
  16 hydras
  2 spriggan air magi
  6 ice dragons
  A caustic shrike simulacrum (Depths:2)
  3 alligators
  Erolcha (Orc:1)
  9 centaur warriors
  The ghost of Peloso the Blocker, a novice MiFi of Okawaru (D:9)
  11 anacondas
  2 death knights
  4 small abominations (Vaults:4)
  12 naga warriors
  6 deep troll shamans
  A vampire mage (Vaults:3)
  19 ogre magi
  A tengu warrior (D:14)
  3 deep troll earth magi
  16 naga sharpshooters
  Urug (Lair:2)
  12 death yaks
  A thrashing horror (Swamp:4)
  An orc high priest (Orc:2)
  4 spriggan berserkers
  5 shock serpents
  3 iron trolls (Depths:1)
  6 deep elf knights
  A sun demon (Lair:8)
  A skeletal warrior (Vaults:4)
  11 hell knights
  3 shadow wraiths
  2 flayed ghosts
  A salamander mystic (Snake:2)
  20 deep trolls
  A spriggan druid (Swamp:4)
  5 unseen horrors
  2 giant orange brains
  An unseen horror (shapeshifter) (Depths:2)
  14 naga ritualists
  4 swamp dragons (Swamp:4)
  11 hill giants
  12 ironbrand convokers
  2 phantasmal warriors
  A harpy (shapeshifter) (Depths:2)
  4 harpies (Vaults:4)
  3 necromancers (Depths:2)
  11 orc knights
  Pikel (D:4)
  5 wizards
  5 griffons
  An oklob plant (D:15)
  11 mana vipers
  4 hornets
  17 deep elf magi
  35 ugly things
  5 orc sorcerers
  A statue (Abyss:3)
  2 wolf spiders
  A stone giant zombie (Depths:2)
  A manticore (shapeshifter) (Vaults:2)
  5 cyclopes
  An elephant (shapeshifter) (Vaults:2)
  3 centaur zombies
  A sixfirhy (Lair:8)
  9 salamanders
  An elf zombie (Depths:2)
  A manticore (D:13)
  A guardian serpent (shapeshifter) (Vaults:2)
  2 smoke demons (Abyss:3)
  42 black mambas
  19 elephants
  8 vault sentinels
  12 naga magi
  A torpor snail (Lair:5)
  4 guardian serpents
  A water nymph (shapeshifter) (Vaults:4)
  A gargoyle (D:14)
  17 spiny frogs
  A kobold demonologist (Depths:1)
  6 orange demons
  3 freezing wraiths
  9 komodo dragons
  A yaktaur (shapeshifter) (Depths:1)
  58 yaktaurs
  A rime drake (Lair:5)
  2 tengu conjurers
  3 giant leeches (Swamp:4)
  4 red devils (Lair:8)
  A jumping spider (Depths:2)
  A hellwing (Lair:8)
  10 trolls
  7 bog bodies
  2 polar bears
  10 blink frogs
  54 slime creatures
  2 blink frogs (shapeshifter)
  31 two-headed ogres
  3 raiju (Abyss:3)
  5 boulder beetles
  4 shadows
  8 redbacks
  8 spriggans
  3 air elementals (Depths:2)
  2 hogs (Volcano)
  A wyvern (D:12)
  5 wraiths
  A ynoxinul (Abyss:3)
  A water elemental (Depths:2)
  A fire bat (Volcano)
  A large abomination (Swamp:4)
  57 yaks
  Grum (D:8)
  33 vampire mosquitoes
  2 steam dragons
  A yaktaur simulacrum (Vaults:3)
  12 hippogriffs
  63 nagas
  4 wargs
  4 hungry ghosts
  7 mottled dragons
  A soldier ant (D:14)
  A hell hound (Lair:8)
  8 swamp worms
  13 water moccasins
  39 orc warriors
  19 porcupines
  4 ice beasts
  2 swamp drakes
  8 wasps
  A black bear (shapeshifter) (Vaults:2)
  3 eyes of draining
  4 slaves (D:4)
  A black bear (D:9)
  2 necrophages
  46 ogres
  6 phantoms
  27 centaurs
  16 wolves
  7 boggarts
  18 crocodiles
  An elf simulacrum (Vaults:1)
  22 giant frogs
  3 big kobolds
  6 scorpions
  3 wyvern skeletons
  A water moccasin skeleton (D:5)
  8 wights
  6 killer bees (D:11)
  A howler monkey (D:13)
  2 electric eels
  2 lava snakes (Lair:6)
  7 crimson imps
  7 hounds
  5 jellies
  A giant frog zombie (D:12)
  2 human simulacra
  An iron imp (Depths:2)
  3 centaur skeletons
  21 orc priests
  2 giant frog skeletons
  7 iguanas
  24 orc wizards
  4 hell rats (Lair:5)
  9 worker ants
  28 sheep
  2 hound skeletons
  A worker ant zombie (D:5)
  A howler monkey skeleton (D:7)
  3 gnolls (D:2)
  26 river rats
  12 adders
  2 shadow imps
  6 oozes
  3 worms (D:3)
  3 dart slugs
  5 giant geckos
  82 orcs
  11 bats
  2 giant cockroaches
  8 goblins
  12 hobgoblins
  7 jackals
  8 kobolds
  5 quokkas
  2 ball pythons
  2 giant gecko skeletons (D:7)
  11 giant newts
  A jackal skeleton (D:6)
  10 rats
  A spectral orc (D:5)
1670 creatures vanquished.

Vanquished Creatures (collateral kills)
  A fire giant (Vaults:2)
  2 vault wardens (Vaults:1)
  2 orc warlords (Orc:2)
  An ironheart preserver (Vaults:2)
  A stone giant (Depths:2)
  Nessos (Lair:5)
  A vault guard (Vaults:2)
  Sonja (Lair:3)
  A harpy (Vaults:4)
  2 ironbrand convokers
  A wolf spider (Vaults:1)
  An ugly thing (Vaults:4)
  A freezing wraith (Vaults:4)
  4 two-headed ogres
  4 orc warriors (Orc:2)
  2 ogres (Vaults:4)
  An orc priest (Orc:2)
  An orc wizard (Orc:2)
  An orc (Orc:2)
29 creatures vanquished.

Vanquished Creatures (others)
  A hydra (Swamp:4)
  A deep elf archer (Vaults:4)
  An ugly thing (Vaults:4)
  A smoke demon (Abyss:3)
  3 humans (D:14)
  A sky beast (D:14)
  2 ogres
  An orc (Vaults:2)
  A fungus (Lair:7)
  3 plants
15 creatures vanquished.

Grand Total: 1714 creatures vanquished

Notes
Turn   | Place    | Note
--------------------------------------------------------------
     0 | D:1      | Kloppie the Gargoyle Berserker began the quest for the Orb.
     0 | D:1      | Reached XP level 1. HP: 14/14 MP: 1/1
    40 | D:1      | Reached XP level 2. HP: 15/19 MP: 2/2
   382 | D:1      | Reached XP level 3. HP: 24/24 MP: 3/3
   389 | D:1      | Reached skill level 4 in Fighting
   551 | D:1      | Reached ** piety under Trog
  1047 | D:2      | Reached XP level 4. HP: 25/30 MP: 4/4
  1268 | D:2      | Found an opulent altar of Gozag.
  1338 | D:2      | Found a sacrificial altar of Ru.
  1350 | D:2      | Reached *** piety under Trog
  1372 | D:2      | Reached XP level 5. HP: 26/34 MP: 5/5
  1553 | D:3      | Reached skill level 5 in Fighting
  1893 | D:3      | Found a radiant altar of Vehumet.
  1994 | D:3      | Found a stormy altar of Qazlal.
  1995 | D:3      | Found a snail-covered altar of Cheibriados.
  2108 | D:4      | Found a staircase to the Ecumenical Temple.
  2125 | D:4      | Found a deep blue altar of Sif Muna.
  2125 | D:4      | Found a glowing silver altar of Zin.
  2126 | D:4      | Found a blossoming altar of Fedhas.
  2126 | D:4      | Found a shadowy altar of Dithmenos.
  2127 | D:4      | Found an oddly glowing altar of Pakellas.
  2329 | D:4      | Reached skill level 5 in Maces & Flails
  2329 | D:4      | Reached XP level 6. HP: 39/41 MP: 6/6
  2387 | D:4      | Reached **** piety under Trog
  2396 | D:4      | Noticed a slave
  2396 | D:4      | Noticed a slave
  2397 | D:4      | Noticed Pikel
  2397 | D:4      | Noticed a slave
  2415 | D:4      | Killed a slave
  2437 | D:4      | Killed a slave
  2489 | D:4      | Reached skill level 6 in Fighting
  2665 | D:4      | Found Muyff's Book Shop.
  2740 | D:4      | Killed a slave
  2832 | D:4      | Noticed a slave
  2883 | D:4      | Killed a slave
  3036 | D:4      | Killed Pikel
  3036 | D:4      | Reached skill level 7 in Fighting
  3036 | D:4      | Reached XP level 7. HP: 48/48 MP: 7/7
  3077 | D:5      | Entered Level 5 of the Dungeon
  3229 | D:5      | Reached XP level 8. HP: 53/53 MP: 8/8
  3395 | D:5      | Found a basalt altar of Yredelemnul.
  4256 | D:6      | Reached skill level 5 in Armour
  4651 | D:7      | Reached XP level 9. HP: 57/57 MP: 9/9
  4655 | D:7      | Reached ***** piety under Trog
  4695 | D:7      | Noticed a hill giant
  4843 | D:7      | Found a shimmering altar of Xom.
  4883 | D:7      | Got a pair of translucent boots
  4889 | D:7      | Identified the +0 pair of boots "Feriaquph" {rC+ Regen+ MP-9 Str+2} (You found it on level 7 of the Dungeon)
  5365 | D:7      | Killed a hill giant
  5365 | D:7      | Reached skill level 10 in Maces & Flails
  5503 | D:7      | Received a gift from Trog
  5506 | D:7      | Got a jewelled dire flail {god gift}
  5508 | D:7      | Identified the +8 dire flail of Duptanun {speed, Int+3} (Trog gifted it to you on level 7 of the Dungeon)
  5558 | D:7      | Noticed a troll
  5563 | D:7      | Killed a troll
  5563 | D:7      | Reached XP level 10. HP: 45/63 MP: 1/10
  5671 | D:7      | Found a shattered altar of Ashenzari.
  5961 | D:8      | Noticed Grum
  5978 | D:8      | Killed Grum
  6043 | D:8      | Reached skill level 8 in Fighting
  6271 | D:8      | Identified a -2 rod of clouds (9/9) (You found it on level 8 of the Dungeon)
  6320 | D:8      | Found a stormy altar of Qazlal.
  7091 | D:9      | Found Peneptapt's Gadget Boutique.
  7373 | D:9      | Reached skill level 9 in Fighting
  7465 | D:9      | Noticed Peloso's ghost (novice MiFi)
  7493 | D:9      | Killed Peloso's ghost
  7567 | D:9      | Found a glowing golden altar of the Shining One.
  7595 | D:10     | Entered Level 10 of the Dungeon
  7726 | D:10     | Reached skill level 10 in Fighting
  7726 | D:10     | Reached XP level 11. HP: 64/72 MP: 2/11
  7727 | D:10     | Noticed Fannar
  7733 | D:10     | Found a staircase to the Orcish Mines.
  7742 | D:10     | Killed Fannar
  7926 | D:10     | Got an ichor-stained mace
  7927 | D:10     | Identified the cursed +1 mace of Jureog {crush, Str+2} (You found it on level 10 of the Dungeon)
  8121 | D:11     | Noticed a cyclops
  8172 | D:11     | Reached skill level 11 in Fighting
  8177 | D:11     | Killed a cyclops
  8446 | D:11     | Found a staircase to the Lair.
  8487 | D:11     | Noticed a hill giant
  8495 | D:11     | Killed a hill giant
  8512 | D:11     | Noticed a hill giant
  8517 | D:11     | Killed a hill giant
  8571 | D:11     | Reached skill level 12 in Fighting
  8941 | Lair:1   | Entered Level 1 of the Lair of Beasts
  9027 | Lair:1   | Received a gift from Trog
  9160 | Lair:1   | Reached XP level 12. HP: 71/81 MP: 3/12
  9605 | Lair:2   | Reached ****** piety under Trog
  9771 | Lair:2   | Noticed Harold
  9779 | Lair:2   | Killed Harold
  9824 | Lair:2   | Noticed Urug
  9842 | Lair:2   | Killed Urug
 10481 | Lair:3   | Reached skill level 13 in Fighting
 10542 | Lair:3   | Noticed Sonja
 10560 | Lair:3   | Killed Sonja
 10653 | Lair:3   | Noticed Rupert
 10673 | Lair:3   | Killed Rupert
 10901 | Lair:3   | Noticed Snorg
 10915 | Lair:3   | Killed Snorg
 11130 | Lair:4   | Found a glowing silver altar of Zin.
 11293 | Lair:4   | Received a gift from Trog
 11421 | Lair:4   | Found a staircase to the Snake Pit.
 11834 | Lair:4   | Noticed a death yak
 11834 | Lair:4   | Noticed a death yak
 11835 | Lair:4   | Noticed a death yak
 11837 | Lair:4   | Noticed a death yak
 11837 | Lair:4   | Noticed a death yak
 11837 | Lair:4   | Noticed a death yak
 11857 | Lair:4   | Killed a death yak
 11857 | Lair:4   | Reached skill level 14 in Fighting
 11867 | Lair:4   | Killed a death yak
 11867 | Lair:4   | Reached XP level 13. HP: 86/90 MP: 4/13
 11910 | Lair:4   | Reached skill level 10 in Armour
 12419 | Lair:5   | Noticed Maud
 12431 | Lair:5   | Killed Maud
 12529 | Lair:5   | Reached skill level 15 in Fighting
 12977 | Lair:5   | Received a gift from Trog
 13100 | Lair:5   | Noticed Nessos
 13107 | Lair:5   | Killed Nessos
 13107 | Lair:5   | Gained mutation: Your large and strong wings let you fly indefinitely. [Gargoyle growth]
 13107 | Lair:5   | Reached XP level 14. HP: 56/99 MP: 5/14
 13563 | Lair:6   | Found a staircase to the Swamp.
 13638 | Lair:6   | Reached skill level 16 in Fighting
 14085 | Lair:6   | Found a staircase to the Slime Pits.
 14474 | Lair:7   | Identified a scroll of acquirement
 14624 | Lair:7   | Received a gift from Trog
 15221 | Lair:7   | Reached skill level 17 in Fighting
 15698 | Orc:1    | Entered Level 1 of the Orcish Mines
 15748 | Orc:1    | Noticed Erolcha
 15758 | Orc:1    | Killed Erolcha
 15834 | Orc:1    | Found a roughly hewn altar of Beogh.
 15967 | Orc:1    | Found a roughly hewn altar of Beogh.
 16167 | Orc:1    | Received a gift from Trog
 16384 | Orc:2    | Entered Level 2 of the Orcish Mines
 16649 | Orc:2    | Found a dark tunnel.
 16658 | Volcano  | Entered a volcano
 16953 | Orc:2    | Found a staircase to the Elven Halls.
 17056 | Orc:2    | Reached XP level 15. HP: 99/107 MP: 6/15
 17139 | Orc:2    | Noticed an orc warlord
 17148 | Orc:2    | Killed an orc warlord
 17156 | Orc:2    | Found a roughly hewn altar of Beogh.
 17240 | Orc:1    | Received a gift from Trog
 17240 | Orc:1    | Reached skill level 5 in Dodging
 17546 | Orc:2    | Found Efuhur's Book Shoppe.
 17566 | Orc:2    | Found Vugoko Ludgh's Antique Armour Shoppe.
 17568 | Orc:2    | Found Roptudac's General Store.
 17736 | Orc:2    | Found Irobuiby's Antique Weapon Shoppe.
 17934 | Orc:2    | Bought a glowing plate armour for 851 gold pieces
 17941 | Orc:2    | Noticed an orc warlord
 17981 | Orc:2    | Killed an orc warlord
 18278 | D:12     | Reached skill level 18 in Fighting
 18558 | D:12     | Received a gift from Trog
 19548 | D:13     | Found a gate to the Vaults.
 19596 | D:13     | You fall through a shaft!
 19604 | D:14     | Noticed Kirke
 19627 | D:14     | Killed Kirke
 19676 | D:14     | Received a gift from Trog
 20077 | D:14     | Found Quskao Megi's Weapon Shop.
 20503 | D:15     | Entered Level 15 of the Dungeon
 20663 | D:15     | Reached XP level 16. HP: 111/116 MP: 7/16
 20757 | D:15     | Reached skill level 15 in Armour
 20761 | D:15     | Reached skill level 19 in Fighting
 20866 | D:15     | Found a burning altar of Makhleb.
 21053 | D:15     | Found a staircase to the Depths.
 21286 | Depths:1 | Entered Level 1 of the Depths
 21572 | Depths:1 | Reached skill level 15 in Maces & Flails
 21757 | D:15     | Received a gift from Trog
 22010 | Lair:8   | Entered Level 8 of the Lair of Beasts
 22548 | Lair:8   | Found a burning altar of Makhleb.
 22696 | Lair:8   | Found a gateway to Hell.
 22764 | Lair:8   | Received a gift from Trog
 22988 | Swamp:1  | Entered Level 1 of the Swamp
 23129 | Swamp:2  | Noticed Donald
 23177 | Swamp:2  | Killed Donald
 23305 | Swamp:2  | Reached XP level 17. HP: 119/122 MP: 8/17
 23330 | Swamp:4  | Entered Level 4 of the Swamp
 23516 | Swamp:4  | Got a jewelled great mace
 23517 | Swamp:4  | Identified the +9 great mace "Gyaceocie" {freeze, Str+3} (You found it on level 4 of the Swamp)
 23931 | Swamp:4  | Noticed a tentacled monstrosity
 23942 | Swamp:4  | Killed a tentacled monstrosity
 24080 | Swamp:4  | Got a decaying rune of Zot
 24343 | Snake:1  | Entered Level 1 of the Snake Pit
 24367 | Snake:1  | Noticed Aizul
 24383 | Snake:1  | Killed Aizul
 24667 | Snake:1  | Received a gift from Trog
 24978 | Snake:1  | Received a gift from Trog
 25084 | Snake:1  | Found Yhifyipn's Distillery.
 25307 | Snake:2  | Reached XP level 18. HP: 125/128 MP: 9/18
 25510 | Snake:2  | Received a gift from Trog
 25853 | Snake:4  | Entered Level 4 of the Snake Pit
 26536 | Snake:4  | Received a gift from Trog
 27277 | Snake:4  | Received a gift from Trog
 27375 | Snake:4  | Reached XP level 19. HP: 102/133 MP: 8/19
 27428 | Snake:4  | Got a serpentine rune of Zot
 27786 | Vaults:1 | Entered Level 1 of the Vaults
 28042 | Vaults:1 | Received a gift from Trog
 29542 | Vaults:2 | Received a gift from Trog
 29577 | Vaults:2 | Noticed a tentacled monstrosity
 29605 | Vaults:2 | Killed a tentacled monstrosity
 29781 | Vaults:2 | Reached skill level 20 in Fighting
 30003 | Vaults:2 | HP: 4/135 [very large slime creature[a boggart] (40)]
 30354 | Vaults:2 | Received a gift from Trog
 30444 | Vaults:2 | Found Olufeb's Distillery.
 30526 | Vaults:2 | Reached XP level 20. HP: 117/141 MP: 11/20
 31321 | Vaults:3 | Noticed a Tzitzimitl
 31427 | Vaults:3 | Received a gift from Trog
 31474 | Vaults:3 | Found Tubagh's Food Emporium.
 32065 | Vaults:3 | Received a gift from Trog
 32119 | Vaults:3 | Reached skill level 10 in Dodging
 32269 | Vaults:3 | Found a staircase to the Crypt.
 32838 | Vaults:4 | Reached XP level 21. HP: 14/147 MP: 12/21
 32843 | Vaults:4 | HP: 2/147 [ironbrand convoker/flail (13)]
 33026 | Vaults:4 | Received a gift from Trog
 33429 | Vaults:4 | Cast into level 3 of the Abyss (an ogre mage)
 33534 | Vaults:4 | Escaped the Abyss
 33629 | Vaults:4 | Identified Baizaell's Guide on Arcane Weapons and Snow
 34595 | Vaults:3 | Received a gift from Trog
 35155 | Depths:1 | Reached skill level 21 in Fighting
 35268 | Depths:1 | Found a one-way gate to the infinite horrors of the Abyss.
 35643 | Depths:1 | Received a gift from Trog
 35644 | Depths:1 | Got a faintly glowing dire flail {god gift}
 35654 | Depths:1 | Identified the +1 dire flail "Xyasan" {drain, rElec} (Trog gifted it to you on level 1 of the Depths)
 36127 | Depths:2 | Reached XP level 22. HP: 81/156 MP: 13/22
 36342 | Depths:2 | Reached skill level 22 in Fighting
 36492 | Depths:2 | Found a gateway to a ziggurat.
 36505 | Depths:2 | Found a one-way gate leading to the halls of Pandemonium.
 36635 | Depths:2 | Noticed a golden dragon
 36655 | Depths:2 | Killed a golden dragon
 36986 | Depths:2 | Received a gift from Trog
 37091 | Depths:2 | Reached skill level 23 in Fighting
 37216 | Depths:2 | Noticed Mara
 37243 | Depths:2 | Noticed Kloppie's illusion
 37273 | Depths:2 | Noticed Kloppie's illusion
 37307 | Depths:2 | Killed Mara
 37840 | Depths:3 | Received a gift from Trog
 37852 | Depths:2 | Slain by a cyclops

Skill      XL: |  1  2  3  4  5  6  7  8  9 10 11 12 13 14 15 16 17 18 19 20 21 22 |
---------------+-------------------------------------------------------------------+-----
Fighting       | 4 5 7 10 12 14 15 17 18 19 20 21 23 | 23.9
Maces & Flails | 4 5 6 8 10 11 13 14 16 19 20 | 20.8
Armour         | 5 8 9 12 13 14 15 17 19 | 19.3
Dodging        | 4 5 11 13 | 13.2

Action                   |  1- 3 |  4- 6 |  7- 9 | 10-12 | 13-15 | 16-18 | 19-21 | 22-24 || total
-------------------------+-------+-------+-------+-------+-------+-------+-------+-------++-------
Melee: Mace              |   154 |   293 |       |       |       |       |       |       ||   447
       Whip              |       |       |   113 |       |       |       |       |       ||   113
       Flail             |       |       |   259 |       |       |       |       |       ||   259
       Dire flail        |       |       |     4 |   619 |  1558 |   628 |       |       ||  2809
       Great mace        |       |       |       |       |       |   804 |  1563 |   526 ||  2893
       Unarmed           |       |       |       |       |       |       |       |     2 ||     2
Invok: Berserk           |       |     2 |     2 |     2 |     2 |     3 |     2 |       ||    13
       Trog's Hand       |       |       |     1 |     2 |     7 |    12 |    17 |     7 ||    46
       Brothers in Arms  |       |       |       |     2 |     3 |       |     4 |     1 ||    10
 Abil: Fly               |       |       |       |       |       |     1 |     1 |       ||     2
       Stop Flying       |       |       |       |       |       |       |     2 |       ||     2
Evoke: Wand              |       |       |       |       |       |     1 |       |       ||     1
  Use: Scroll            |       |       |    14 |     8 |    16 |     6 |     5 |     6 ||    55
       Potion            |       |       |       |       |     1 |     1 |     2 |     1 ||     5
  Eat: Chunk             |     1 |     8 |    12 |    15 |    38 |    13 |    33 |     6 ||   126
       Meat ration       |       |       |       |     1 |       |     2 |       |       ||     3
       Royal jelly       |       |       |       |     1 |     1 |     2 |     1 |     1 ||     6
       Pizza             |       |       |       |       |       |     1 |       |       ||     1
Armor: Animal skin       |    52 |       |       |       |       |       |       |       ||    52
       Ring mail         |    42 |    73 |       |       |       |       |       |       ||   115
       Scale mail        |       |    65 |   215 |    53 |       |       |       |       ||   333
       Chain mail        |       |       |       |   169 |   472 |       |       |       ||   641
       Plate armour      |       |       |       |       |   225 |  1207 |  1368 |   354 ||  3154
       Skin              |       |       |       |       |     1 |       |       |       ||     1
Dodge: Dodged            |   146 |   149 |   203 |   134 |   441 |   685 |   997 |   335 ||  3090
Block: Other             |       |       |       |       |       |       |   236 |    88 ||   324
       Reflection        |       |       |       |       |       |       |     9 |     6 ||    15
